 Dungeon Crawl Stone Soup version 0.30-a0-341-g682706514a (webtiles) character file.

Game seed: 7871427389265010486

60 lunkers the Cutter (level 4, 0/38 HPs)
             Began as a Meteoran Fighter on Nov 1, 2022.
             Slain by Robin
             ... wielding a +2 whip of pain
              (3 damage)
             ... on level 2 of the Dungeon.
             The game lasted 00:01:40 (425 turns).

lunkers the Cutter (Meteoran Fighter)                Turns: 425, Time: 00:01:41

Health: 0/38       AC:  4    Str: 19    XL:     4   Next: 48%
Magic:  5/5        EV: 10    Int:  9    God:
Gold:   56         SH:  5    Dex: 14    Spells: 3/3 levels left

rFire   . . .      SeeInvis .    a - +0 rapier
rCold   . . .      Faith    .    c - +0 buckler
rNeg    . . .      Spirit   .    i - +2 robe {Will+}
rPois   .          Reflect  .    (no helmet)
rElec   .          Harm     .    (no cloak)
rCorr   .          Rampage  .    (no gloves)
Will    +....                    (no boots)
Stlth   +.........               (no amulet)
HPRegen 0.26/turn                (no ring)
MPRegen 0.09/turn                (no ring)

@: mighty, glowing
A: sense surroundings 1, otherworldly, glowing, explore regen
a: no special abilities


You were on level 2 of the Dungeon.
You visited 1 branch of the dungeon, and saw 2 of its levels.

You collected 56 gold pieces.

Inventory:

Hand Weapons
 a - a +0 rapier (weapon)
Missiles
 h - a stone (quivered)
Armour
 b - a +0 scale mail
 c - a +0 buckler (worn)
 i - a +2 robe of willpower (worn)
Scrolls
 e - 2 scrolls of identify {unknown}
 g - a scroll of magic mapping {unknown}
Potions
 f - a potion of heal wounds {unknown}
 j - 2 potions of cancellation {unknown}


   Skills:
 - Level 3.2 Fighting
 + Level 4.6 Short Blades
 - Level 3.6 Armour
 - Level 3.6 Shields


You had 3 spell levels left.
You didn't know any spells.
Your spell library contained the following spells:

 Spells                   Type           Power      Damage    Failure   Level
 Summon Small Mammal      Summ           0%         N/A       47%         1
 Call Canine Familiar     Summ           0%         N/A       85%         3
 Summon Guardian Golem    Hex/Summ       0%         N/A       85%         3


Dungeon Overview and Level Annotations

Branches:
Dungeon (2/15) Zot: 765

Altars:

Annotations:
D:2 Robin


Innate Abilities, Weirdness & Mutations

You passively map a small area around you.
You are easily found by Zot.
You glow in the dark.
You regain HP and MP as you explore.


Message History

You kill the goblin!
Robin hits you with a +2 whip of pain.
* * * LOW HITPOINT WARNING * * *
You writhe in agony.
* * * LOW HITPOINT WARNING * * *
You hit Robin but do no damage. You hit Robin.
Robin is moderately wounded.
You block Robin's attack.
You completely miss Robin.
Robin is moderately wounded.
You block Robin's attack.
You hit Robin.
Robin is moderately wounded.
A goblin comes into view. It is wielding a +0 club.
Robin hits you with a +2 whip of pain.
* * * LOW HITPOINT WARNING * * *
You barely miss Robin.
Robin is moderately wounded.
Robin hits you with a +2 whip of pain.
* * * LOW HITPOINT WARNING * * *
You writhe in agony.
* * * LOW HITPOINT WARNING * * *
You hit Robin.
Robin is heavily wounded.
A goblin comes into view. It is wielding a +0 dagger.
Robin hits you with a +2 whip of pain.
* * * LOW HITPOINT WARNING * * *
Robin throws the goblin at you!
You feel very mighty all of a sudden. The goblin misses you.
You barely miss the goblin. You block the goblin's attack.
Robin throws the goblin at you!
You barely miss the goblin. You block the goblin's attack.
The goblin hits you but does no damage. Robin hits you but does no damage.
You barely miss the goblin. The goblin misses you.
The goblin closely misses you.
Robin says, "My goblins will feast on your bones."
Robin hits you with a +2 whip of pain.
You die...

..#########.....# .# ..
.## #..##.##.# #.. #######
##...#.#..##..#,
.##...####..#...#.#... *
......................
.....†.............### *
...)<............)#######*
*
...†.)..........)g.......,
.......)........@#.######
.##......†.....gg#g#
#######..........#.# *
##........##.g, , ,
#..........###, ,
#..........# ,
#..........# #..........#
#..........#


You could see Robin and 2 goblins.

Vanquished Creatures
  Jessica (D:2)
  5 ball pythons (D:1)
  An endoplasm (D:1)
  2 giant cockroaches (D:1)
  5 goblins
  3 hobgoblins
  2 jackals (D:1)
  A quokka (D:1)
  2 bats (D:1)
  2 frilled lizards (D:1)
  2 kobolds
  6 rats
32 creatures vanquished.

Notes
Turn   | Place    | Note
-------+----------+-------------------------------------------
     0 | D:1      | lunkers the Meteoran Fighter began the quest for the Orb.
     0 | D:1      | Reached XP level 1. HP: 19/19 MP: 2/2
    62 | D:1      | Reached XP level 2. HP: 26/26 MP: 3/3
    78 | D:1      | Reached skill level 3 in Short Blades
   175 | D:1      | Reached XP level 3. HP: 29/31 MP: 4/4
   348 | D:2      | Noticed Jessica
   353 | D:2      | Reached skill level 4 in Short Blades
   364 | D:2      | HP: 1/31 [Jessica/+0 dagger (1)]
   366 | D:2      | Killed Jessica
   367 | D:2      | Reached XP level 4. HP: 1/38 MP: 5/5
   406 | D:2      | Noticed Robin
   425 | D:2      | Slain by Robin

Illustrated notes

Levels and vault maps discovered:
D:1:      minmay_arrival_radiant_lines, layout_basic
D:2:      layout_rooms, shapermc_ecumenical_altar_acropolis,
          uniq_crazy_yiuf_cottage, uniq_robin, uniq_jessica

Skill      XL: |  1  2  3 |
---------------+----------+-----
Short Blades   | 3 4 |  4.6
Fighting       | |  3.2
Armour         | |  3.6
Shields        | |  3.6

Action                   |  1- 3 |  4- 6 || total
-------------------------+-------+-------++-------
Melee: Rapier            |   110 |    15 ||   125
  Use: Potion            |       |     1 ||     1
Armor: Scale mail        |    55 |       ||    55
       Robe              |       |     5 ||     5
Dodge: Dodged            |    48 |     6 ||    54
Block: Buckler           |    39 |     6 ||    45

Table legend: (Time is in decaauts)
 A = Elapsed time spent in this place.
 B = Non-inter-level travel time spent in this place.
 C = Inter-level travel time spent in this place.
 D = Time resting spent in this place.
 E = Time spent auto-exploring this place.
 F = Levels seen in this place.
 G = Mean time per level.
                   A        B        C        D        E       F      G
               +--------+--------+--------+--------+--------+-----+--------+
         Total |    433 |    396 |     37 |      0 |    134 |   2 |  216.5 |
       Dungeon |    433 |    396 |     37 |      0 |    134 |   2 |  216.5 |
               +--------+--------+--------+--------+--------+-----+--------+

Top non-repeatable levels by time:
     D:1: 297 daAuts
     D:2: 136 daAuts
